 Dungeon Crawl Stone Soup version 0.22-a0-362-g535178c (webtiles) character file.

128 Amnesiac the Grave Robber (level 4, -2/30 HPs)
             Began as a Mummy Necromancer on Apr 20, 2018.
             Killed by divine providence
             ... invoked by an orc priest
              (13 damage)
             ... on level 3 of the Dungeon.
             The game lasted 00:03:29 (2044 turns).

Amnesiac the Grave Robber (Mummy Necromancer)       Turns: 2044, Time: 00:03:30

Health: -2/30      AC:  3    Str: 16    XL:     4   Next: 87%
Magic:  0/10       EV: 12    Int: 18    God:
Gold:   71         SH:  0    Dex: 12    Spells: 7/11 levels left

rFire    x . .     SeeInvis .   k - +1 trident
rCold    + . .     Gourm    .   (no shield)
rNeg     + + +     Faith    .   a - +0 robe
rPois    ∞         Spirit   .   (no helmet)
rElec    .         Reflect  .   (no cloak)
rCorr    .         Harm     +   h - +0 pair of gloves
MR       .....                  (no boots)
Stlth    ++........             c - amulet of harm
HPRegen  0.10/turn              g - +5 ring of strength
MPRegen  0.12/turn              l - +3 ring of intelligence

@: no status effects
A: no food or potions, fire vulnerability, cold resistance 1, negative energy
resistance 3, torment resistance, unbreathing
a: no special abilities


You were on level 3 of the Dungeon.
You were not hungry.

You visited 1 branch of the dungeon, and saw 4 of its levels.
You also visited: Sewer.

You collected 71 gold pieces.

Inventory:

Hand Weapons
 k - a +1 trident (weapon)
Missiles
 f - 51 stones (quivered)
Armour
 a - a +0 robe (worn)
 h - a +0 pair of gloves (worn)
Jewellery
 c - an amulet of harm (around neck)
 g - a +5 ring of strength (left hand)
 i - an uncursed amulet of the acrobat
 l - a +3 ring of intelligence (right hand)
Wands
 m - a wand of polymorph (8)
Scrolls
 d - a scroll of immolation {!r}
 e - a scroll of fog {!r}
 n - 2 scrolls of blinking {!r}


   Skills:
 - Level 1.5 Dodging
 - Level 1.5 Stealth
 - Level 4.0 Spellcasting
 * Level 5.7 Necromancy


You had 7 spell levels left.
You knew the following spells:

 Your Spells              Type           Power        Failure   Level  Hunger
a - Pain                  Necr           ###.         1%          1    N/A
d - Vampiric Draining     Necr           ###.......   4%          3    N/A

Dungeon Overview and Level Annotations

Branches:
Dungeon (4/15)
 Temple: D:4-7

Altars:


Innate Abilities, Weirdness & Mutations

You do not eat or drink.
Your flesh is vulnerable to fire.
You are immune to poison.
Your flesh is cold resistant. (rC+)
You are immune to negative energy. (rN+++)
You are immune to unholy pain and torment.
You can survive without breathing.


Message History

You can't see any susceptible monsters within range! (Use Z to cast anyway.)
Casting: Pain (safe; 1% risk of failure)
Confirm with . or Enter, or press ? or * to list all spells.
You can't see any susceptible monsters within range! (Use Z to cast anyway.)
You start resting.
Your magical contamination has completely faded away.
Things that are here:
a club; a hobgoblin corpse
Things that are here:
a hand axe; an orc corpse An orc comes into view.
It is wielding a mace.
The orc shouts!
An orc is nearby!
Casting: Pain (safe; 1% risk of failure)
Confirm with . or Enter, or press ? or * to list all spells.
Aiming: Pain (safe; 1% risk of failure)
Press: ? - help, Shift-Dir - straight line, f - orc
Aim: an orc, wielding a mace (chance to defeat MR: 93%)
The orc writhes in agony!
An orc priest comes into view. It is wielding a falchion.
Casting: Pain (safe; 1% risk of failure)
Confirm with . or Enter, or press ? or * to list all spells.
Aiming: Pain (safe; 1% risk of failure)
Press: ? - help, Shift-Dir - straight line, f/p - orc
Aim: an orc, wielding a mace (moderately wounded, chance to defeat MR: 93%)
The orc writhes in agony!
Casting: Pain (safe; 1% risk of failure)
Confirm with . or Enter, or press ? or * to list all spells.
Aiming: Pain (safe; 1% risk of failure)
Press: ? - help, Shift-Dir - straight line, f/p - orc
Aim: an orc, wielding a mace (heavily wounded, chance to defeat MR: 93%)
The orc writhes in agony!
You kill the orc!
The orc priest mumbles some strange prayers to Beogh against you.
Beogh smites you!
Ouch! That really hurt!
* * * LOW HITPOINT WARNING * * *
Things that are here:
a mace; an orc corpse Really read
d - 2 scrolls labeled ACEBAD YSEO {!r}?
As you read the scroll labeled ACEBAD YSEO {!r}, it crumbles to dust.
The air around you briefly surges with heat, but it dissipates.
It was a scroll of immolation {!r}.
Really read
b - a scroll labeled WOUCEO KESSE {!r}?
As you read the scroll labeled WOUCEO KESSE {!r}, it crumbles to dust.
It is a scroll of enchant weapon.
Your +0 trident glows red for a moment.
Casting: Pain (safe; 1% risk of failure)
Confirm with . or Enter, or press ? or * to list all spells.
Aiming: Vampiric Draining (safe; 4% risk of failure)
Press: ? - help, Shift-Dir - straight line, f - orc priest
Aim: an orc priest, wielding a falchion The orc priest is severely wounded.
You feel life coursing into your body.
The orc priest hits you with a falchion.
* * * LOW HITPOINT WARNING * * *
You barely miss the orc priest.
The orc priest is severely wounded.
The orc priest completely misses you.
You closely miss the orc priest.
The orc priest is severely wounded.
The orc priest mumbles some strange prayers to Beogh against you.
Beogh smites you!
You die...

## #. #. #. #.# .#### #
#.# .... ## #.# #.. .##
###.# #.# # ..##
##.#.#####@#.# .#
...####........#o#.#....
...+...............o....
...####....###.#.#.##...
..# #..)## #.#.#.# .##
#.#)####.#.. . ##
#........###### #
###.###### #.#


You could see an orc priest.

Vanquished Creatures
  2 gnolls (D:4)
  4 oozes (Sewer)
  6 worms
  2 dart slugs (D:1)
  5 leopard geckos
  3 orcs (D:3)
  3 ball pythons (Sewer)
  8 bats
  5 giant cockroaches
  2 goblins
  5 hobgoblins (D:3)
  4 jackals (Sewer)
  3 kobolds
  A quokka (D:2)
  3 frilled lizards
  8 rats
64 creatures vanquished.

Notes
Turn   | Place    | Note
-------+----------+-------------------------------------------
     0 | D:1      | Amnesiac the Mummy Necromancer began the quest for the Orb.
     0 | D:1      | Reached XP level 1. HP: 13/13 MP: 4/4
   185 | D:1      | Reached XP level 2. HP: 19/19 MP: 1/6
   774 | D:4      | Reached XP level 3. HP: 24/24 MP: 2/7
   779 | D:4      | Learned a level 3 spell: Vampiric Draining
   893 | D:3      | Reached skill level 5 in Necromancy
  1111 | D:3      | Found a glowing drain.
  1115 | Sewer    | Entered a sewer
  1116 | Sewer    | Reached XP level 4. HP: 21/30 MP: 5/9
  2044 | D:3      | Killed from afar by an orc priest

Vault maps used:
D:1:      onia_arrival_mini_spirals, minmay_statues_item, interstate_on_off
D:2:      minmay_misc_feat_five
D:3:      gup_sewer_entry_spiral
D:4:      lemuel_coloured_pillars_altar, minmay_temple_entry_hall, first_ration
Sewer:    sewer_fruit_machine

Skill      XL: |  1  2  3  4 |
---------------+-------------+-----
Spellcasting   | 3 4 |  4.0
Necromancy     | 5 |  5.7
Dodging        | |  1.5
Stealth        | |  1.5

Action                   |  1- 3 |  4- 6 || total
-------------------------+-------+-------++-------
Melee: Unarmed           |     2 |       ||     2
       Trident           |    13 |    20 ||    33
 Cast: Pain              |    61 |    65 ||   126
       Vampiric Draining |       |     1 ||     1
  Use: Scroll            |       |     7 ||     7
Armor: Robe              |     6 |    10 ||    16
Dodge: Dodged            |     8 |    28 ||    36

Table legend:
 A = Spawn XP
 B = Non-spawn XP
 C = Spawn XP percentage of total XP
 D = Spawn monster count
 E = Non-spawn monster count
 F = Spawn count percentage of total count
 G = Total turns spent on level
                    A         B        C        D         E        F      G
               +---------+---------+-------+---------+---------+-------+---------
         Total |       0 |     184 |   0.0 |       0 |      64 |   0.0 |  2044
               +---------+---------+-------+---------+---------+-------+---------
           D:1 |       0 |      21 |   0.0 |       0 |      11 |   0.0 |   414
           D:2 |       0 |       4 |   0.0 |       0 |       3 |   0.0 |   267
           D:3 |       0 |      51 |   0.0 |       0 |      22 |   0.0 |   503
           D:4 |       0 |      30 |   0.0 |       0 |       3 |   0.0 |    58
         Sewer |       0 |      78 |   0.0 |       0 |      25 |   0.0 |   802
               +---------+---------+-------+---------+---------+-------+---------
